 Dungeon Crawl Stone Soup version 0.23-b1-67-g8bd44de (webtiles) character file.

Game seed: 16775396754460122364

4477 doot the Transmogrifier (level 10, -3/68 (70) HPs)
             Began as a Merfolk Transmuter on Feb 6, 2019.
             Was a Believer of Sif Muna.
             Killed from afar by an electric eel (14 damage)
             ... with a bolt of electricity
             ... on level 9 of the Dungeon.
             The game lasted 00:28:05 (9451 turns).

doot the Transmogrifier (Merfolk Transmuter)        Turns: 9451, Time: 00:28:06

HP:   -3/68 (70)    AC:  6    Str: 20    XL:     10   Next: 38%
MP:   19/19         EV: 18    Int: 16    God:    Sif Muna [**....]
Gold: 450           SH:  0    Dex:  9    Spells: 10/21 levels left

rFire    + + +     SeeInvis .   x - +5 halberd (curse)
rCold    . . .     Gourm    .   (shield currently unavailable)
rNeg     . . .     Faith    .   c - +0 leather armour of the Trees {Regen+ Str+2} (curse)
rPois    +         Spirit   .   i - +2 helmet of Fedhas's Whim {rPois rF+++ Str+4 Dex-5}
rElec    .         Reflect  .   (no cloak)
rCorr    .         Harm     .   (no gloves)
MR       .....                  (boots currently unavailable)
Stlth    +.........             (no amulet)
HPRegen  0.61/turn              f - ring of attention (curse)
MPRegen  0.16/turn              E - +3 ring of strength

@: very quick
A: change form in water, swift swim, stealthy swim
a: Divine Energy, Renounce Religion


You were on level 9 of the Dungeon.
You worshipped Sif Muna.
Sif Muna was pleased with you.
You were not hungry.

You visited 2 branches of the dungeon, and saw 10 of its levels.
You also visited: Ossuary.

You collected 676 gold pieces.
You spent 226 gold pieces at shops.

Inventory:

Hand Weapons
 n - a +0 trident
 q - a +0 halberd
 x - a cursed +5 halberd (weapon)
Missiles
 a - 197 arrows
 H - a throwing net (quivered)
Armour
 b - a +0 robe
 c - the cursed +0 leather armour of the Trees (worn) {Regen+ Str+2}
   (You found it on level 5 of the Dungeon)

   It affects your strength (+2).
   It increases your rate of regeneration.
   It has a curse placed upon it.
 i - the +2 helmet of Fedhas's Whim (worn) {rPois rF+++ Str+4 Dex-5}
   (You found it on level 4 of the Dungeon)

   It affects your strength (+4).
   It affects your dexterity (-5).
   It renders you almost immune to fire.
   It protects you from poison.
 D - the cursed +0 scale mail of Untruth {Regen+}
   (You bought it in a shop on level 4 of the Dungeon)

   It increases your rate of regeneration.
   It has a curse placed upon it.
Jewellery
 f - a cursed ring of attention (left hand)
 m - an uncursed ring of protection from cold
 E - a +3 ring of strength (right hand)
Wands
 C - a wand of random effects (22)
 I - a wand of polymorph (7)
Scrolls
 e - 4 scrolls of identify
 g - 6 scrolls of remove curse
 h - a scroll of noise {unknown}
 j - 3 scrolls of random uselessness
 o - 3 scrolls of fog
 p - 2 scrolls of teleportation {unknown}
 t - a scroll of blinking {unknown}
 u - 3 scrolls of enchant armour
 w - a scroll of fear {unknown}
 y - a scroll of brand weapon {unknown}
 A - a scroll of amnesia {unknown}
 B - a scroll of enchant weapon {unknown}
Potions
 d - a potion of haste
 l - a potion of lignification
 r - a potion of curing
 s - a potion of resistance
 v - 3 potions of agility
 z - a potion of ambrosia
 F - a potion of cancellation {unknown}
Comestibles
 k - 7 rations
 G - 2 chunks of flesh


   Skills:
 + Level 3.3 Fighting
 + Level 6.7 Polearms
 + Level 2.6 Armour
 + Level 6.9 Dodging
 + Level 2.1 Stealth
 + Level 8.3 Unarmed Combat
 + Level 6.2 Spellcasting
 + Level 9.3 Transmutations
 + Level 2.7 Poison Magic


You had 10 spell levels left.
You knew the following spells:

 Your Spells              Type           Power        Failure   Level  Hunger
a - Beastly Appendage     Tmut           ####..       1%          1    None
b - Sticks to Snakes      Tmut           ####....     1%          2    None
c - Spider Form           Tmut/Pois      ###.......   3%          3    ##.....
d - Blade Hands           Tmut           ####......   10%         5    #####..

Your spell library contained the following spells:

 Spells                   Type           Power        Failure   Level  Hunger
 Ice Form                 Ice/Tmut       ###.....     22%         4    ####...
 Yara's Violent Unravell  Hex/Tmut       ###.......   54%         5    #####..
 Cause Fear               Hex            #.........   83%         4    ####...
 Silence                  Hex/Air        #.........   99%         5    #####..
 Deflect Missiles         Chrm/Air       #.........   100%        6    #######
 Discord                  Hex            #.........   100%        8    #######


Dungeon Overview and Level Annotations

Branches:
Dungeon (9/15)             Temple (1/1) D:5            Lair (0/6) D:9
    Orc: D:9-12

Altars:
Ashenzari
Cheibriados
Dithmenos
Elyvilon
Fedhas
Gozag
Hepliaklqana
Kikubaaqudgha
Makhleb
Nemelex Xobeh
Okawaru
Qazlal
Ru
Sif Muna
Trog
Uskayaw
Vehumet
Wu Jian
Xom
Yredelemnul
Zin
The Shining One

Shops:
D:4 *[


Message History

The orc wizard blinks!
The wolf howls!
The electric eel shoots out a bolt of lightning at you!
The bolt of electricity hits the electric eel.
The electric eel completely resists.
The bolt of electricity hits you. The leopard gecko closely misses you.
The electric eel shoots out a bolt of lightning at you!
The bolt of electricity hits the electric eel.
The electric eel completely resists.
The bolt of electricity hits you!
Your legs become a tail as you enter the water.
The electric eel shoots out a bolt of lightning at you!
The bolt of electricity hits you!
The electric eel shoots out a bolt of lightning at you!
The bolt of electricity hits you!
The electric eel shoots out a bolt of lightning at you!
The bolt of electricity hits you!
* * * LOW HITPOINT WARNING * * *
The electric eel shoots out a bolt of lightning at you!
The bolt of electricity hits you!
You die...

.........≈h.h≈≈≈≈≈ ...#
.......≈≈≈≈≈≈≈≈≈≈≈≈≈≈≈..
....
##+#..≈≈≈≈≈≈≈≈≈≈.≈≈≈≈≈≈.
....
.......≈≈≈≈...≈..≈≈≈..
####
......≈≈;≈≈.≈≈...≈≈≈.≈≈
...............>..≈≈≈≈.
....≈≈≈≈≈h......≈≈≈≈≈....
...≈≈≈≈≈≈≈≈≈..≈.≈≈≈≈....
.≈≈≈≈.≈≈≈≈@≈≈≈≈≈≈...#
.≈≈≈.≈≈≈≈≈≈≈≈≈≈≈≈...#
≈≈≈..≈l≈≈≈≈≈≈≈≈..≈..#
..(.≈..≈;;;≈≈≈.≈....#
........≈≈≈≈≈≈......#
......oo#####...+.
............#...#
###...!...###<..#
#.......#.....###


You could see an orc warrior, a wolf, 4 electric eels, an orc and a leopard
gecko.

Vanquished Creatures
  Joseph (D:8)
  3 wyverns (D:8)
  A hungry ghost (D:7)
  2 orc warriors
  A sky beast (D:8)
  An ice beast (D:7)
  4 necrophages
  7 ogres
  2 wolves (D:8)
  A centaur (D:7)
  2 big kobolds
  2 bullfrogs (D:7)
  A wyvern zombie (D:8)
  2 scorpions
  7 killer bees (D:8)
  A howler monkey (D:5)
  4 wights
  A crimson imp (D:7)
  3 centaur zombies (Ossuary)
  4 hounds
  A jelly (D:7)
  2 orc priests
  2 bullfrog skeletons (D:7)
  An iguana (D:8)
  8 worker ants
  3 orc wizards
  A killer bee zombie (D:8)
  2 big kobold zombies (Ossuary)
  4 mummies
  A hound zombie (D:8)
  A hound skeleton (D:8)
  6 gnolls
  5 adders
  2 shadow imps
  3 oozes
  An adder skeleton (D:7)
  A worm (D:4)
  2 dart slugs (D:2)
  5 leopard geckos
  32 orcs
  8 bats
  4 giant cockroaches
  4 gnoll zombies
  9 hobgoblins
  6 jackals
  12 kobolds
  2 quokkas
  3 ball pythons
  7 frilled lizards
  8 goblins
  5 goblin zombies (Ossuary)
  A hobgoblin zombie (Ossuary)
  A leopard gecko skeleton (D:4)
  An orc zombie (Ossuary)
  9 rats
213 creatures vanquished.

Vanquished Creatures (collateral kills)
  2 killer bees (D:8)
  A worker ant (D:8)
  An adder (D:4)
  A gnoll (D:2)
  A leopard gecko (D:3)
  3 orcs
  A hobgoblin (D:2)
  2 jackals (D:2)
  A frilled lizard (D:2)
  2 kobolds
15 creatures vanquished.

Grand Total: 228 creatures vanquished

Notes
Turn   | Place    | Note
-------+----------+-------------------------------------------
     0 | D:1      | doot the Merfolk Transmuter began the quest for the Orb.
     0 | D:1      | Reached XP level 1. HP: 15/15 MP: 3/3
   197 | D:2      | Reached XP level 2. HP: 20/21 MP: 5/5
   398 | D:1      | Learned a level 2 spell: Sticks to Snakes
   450 | D:2      | Reached skill level 3 in Transmutations
   460 | D:2      | Found a burning altar of Makhleb.
   488 | D:2      | Reached XP level 3. HP: 11/26 MP: 1/6
   496 | D:2      | HP: 1/26 [jackal (1)]
   502 | D:2      | HP: 1/26 [jackal (1)]
   749 | D:3      | Learned a level 3 spell: Spider Form
  1486 | D:3      | Reached XP level 4. HP: 19/32 MP: 3/7
  1505 | D:3      | Found a stormy altar of Qazlal.
  1575 | D:3      | Reached skill level 4 in Transmutations
  1709 | D:4      | Found Xoal Asoiz's Antique Armour Boutique.
  1826 | D:4      | Reached XP level 5. HP: 35/37 MP: 8/8
  1840 | D:4      | Got a translucent helmet
  1863 | D:4      | Identified the +2 helmet of Fedhas's Whim {rPois rF+++
                  | Str+4 Dex-5} (You found it on level 4 of the Dungeon)
  1864 | D:4      | Noticed an ogre
  1880 | D:4      | Killed an ogre
  1897 | D:4      | Found Cucko's General Store.
  1908 | D:4      | Reached skill level 1 in Poison Magic
  1908 | D:4      | Reached XP level 6. HP: 40/43 MP: 6/10
  1910 | D:4      | Reached skill level 5 in Unarmed Combat
  1963 | D:4      | Reached skill level 5 in Transmutations
  2229 | D:4      | Learned a level 5 spell: Blade Hands
  2253 | D:4      | Reached skill level 1 in Stealth
  2253 | D:4      | Reached XP level 7. HP: 37/48 MP: 6/12
  2491 | D:5      | Entered Level 5 of the Dungeon
  2520 | D:5      | Found a staircase to the Ecumenical Temple.
  2530 | Temple   | Entered the Ecumenical Temple
  2585 | Temple   | Became a worshipper of Sif Muna the Loreminder
  2629 | D:5      | Reached skill level 6 in Transmutations
  2646 | D:5      | Found a sand-covered staircase.
  2667 | Ossuary  | Entered an ossuary
  2982 | Ossuary  | Reached skill level 1 in Polearms
  2982 | Ossuary  | Reached XP level 8. HP: 50/55 MP: 7/13
  3121 | D:5      | Found a glowing golden altar of the Shining One.
  3307 | D:5      | Got a polished leather armour
  3318 | D:5      | Identified the cursed +0 leather armour of the Trees
                  | {Regen+ Str+2} (You found it on level 5 of the Dungeon)
  3858 | D:1      | Reached * piety under Sif Muna
  4645 | D:2      | You fall through a shaft for 2 floors!
  5920 | D:6      | Reached skill level 1 in Armour
  6059 | D:6      | Found a snail-covered altar of Cheibriados.
  6121 | D:6      | Found an ornate altar of the Wu Jian Council.
  6229 | D:7      | Found a snail-covered altar of Cheibriados.
  6278 | D:7      | Reached skill level 7 in Transmutations
  6583 | D:7      | Reached skill level 5 in Polearms
  6583 | D:7      | Reached skill level 5 in Dodging
  6583 | D:7      | Reached XP level 9. HP: 57/62 MP: 11/15
  6759 | D:7      | Reached skill level 5 in Spellcasting
  6850 | D:7      | Reached ** piety under Sif Muna
  7192 | D:7      | Reached skill level 8 in Transmutations
  7262 | D:4      | Bought a heavily runed scale mail for 198 gold pieces
  7298 | D:4      | Bought a scroll of fog for 28 gold pieces
  7298 | D:4      | Identified the cursed +0 scale mail of Untruth {Regen+}
                  | (You bought it in a shop on level 4 of the Dungeon)
  7832 | D:8      | HP: 3/62 [poisoned by a killer bee]
  8009 | D:8      | Reached XP level 10. HP: 51/70 MP: 10/18
  8312 | D:8      | Noticed Joseph
  8347 | D:8      | Killed Joseph
  8347 | D:8      | Reached skill level 9 in Transmutations
  8589 | D:8      | Found a basalt altar of Yredelemnul.
  8887 | D:8      | Found an ancient bone altar of Kikubaaqudgha.
  8889 | D:8      | Found a white marble altar of Elyvilon.
  8896 | D:8      | Found a sparkling altar of Nemelex Xobeh.
  8897 | D:8      | Found an iron altar of Okawaru.
  8897 | D:8      | Found a shattered altar of Ashenzari.
  8897 | D:8      | Found a radiant altar of Vehumet.
  8898 | D:8      | Found a hazy altar of Hepliaklqana.
  9171 | D:9      | Found a staircase to the Lair.
  9451 | D:9      | Killed from afar by an electric eel

Skill      XL: |  1  2  3  4  5  6  7  8  9 10 |
---------------+-------------------------------+-----
Transmutations | 3 4 5 6 7 8 9 |  9.3
Unarmed Combat | 4 5 6 7 8 |  8.3
Dodging        | 3 4 5 6 |  6.9
Spellcasting   | 3 4 5 6 |  6.2
Poison Magic   | 1 2 |  2.7
Stealth        | 1 2 |  2.1
Polearms       | 1 5 6 |  6.7
Fighting       | 2 3 |  3.3
Armour         | 1 2 |  2.6

Action                   |  1- 3 |  4- 6 |  7- 9 | 10-12 || total
-------------------------+-------+-------+-------+-------++-------
Melee: Unarmed           |    95 |    57 |   180 |    52 ||   384
       Headbutt          |     6 |     2 |       |       ||     8
       Trident           |       |       |    25 |       ||    25
       Punch             |       |       |     1 |     1 ||     2
       Halberd           |       |       |   248 |    30 ||   278
 Cast: Beastly Appendage |    16 |     5 |       |       ||    21
       Sticks to Snakes  |     3 |     2 |    21 |     3 ||    29
       Spider Form       |     2 |     7 |    13 |     1 ||    23
       Blade Hands       |       |     1 |    16 |     5 ||    22
  Use: Potion            |     1 |       |     3 |       ||     4
       Scroll            |       |       |     9 |       ||     9
 Stab: Sleeping          |     2 |       |       |       ||     2
       Distracted        |       |       |     2 |       ||     2
  Eat: Ration            |     1 |       |     2 |       ||     3
       Chunk             |       |     3 |    23 |     6 ||    32
Armor: Robe              |    15 |     7 |    19 |       ||    41
       Skin              |       |     2 |     1 |     2 ||     5
       Leather armour    |       |       |    80 |    18 ||    98
Dodge: Dodged            |    75 |    43 |   343 |    85 ||   546
